 Dungeon Crawl Stone Soup version 0.18.1-48-g4cf74bf (webtiles) character file.

342 Inkary the Skirmisher (level 6, 0/56 HPs)
             Began as a Minotaur Fighter on July 24, 2016.
             Killed from afar by an orc wizard (2 damage)
             ... with a magic dart
             ... on level 3 of the Dungeon.
             The game lasted 00:05:32 (1787 turns).

Inkary the Skirmisher (Minotaur Fighter)            Turns: 1787, Time: 00:05:33

Health: 0/56       AC:  7    Str: 21    XL:     6   Next: 30%
Magic:  5/5        EV: 11    Int:  5    God:
Gold:   159        SH:  0    Dex: 11    Spells: 0 memorised, 5 levels left

rFire  . . .     SeeInvis .     a - +0 trident
rCold  . . .     Gourm    .     b - +0 scale mail
rNeg   . . .     Faith    .     c - +0 shield
rPois  .         Spirit   .     (helmet restricted)
rElec  .         Dismiss  .     (no cloak)
rCorr  .         Reflect  .     (no gloves)
SustAt .         Harm     .     (no boots)
MR     .....                    (no amulet)
Stlth  ..........               k - -2 ring of slaying (curse)
                                s - +4 ring of evasion

@: confused, not resistant to hostile enchantments, extremely unstealthy
A: retaliatory headbutt, horns 2
a: no special abilities


You were on level 3 of the Dungeon.
You were not hungry.

You visited 1 branch of the dungeon, and saw 3 of its levels.

You collected 159 gold pieces.

Inventory:

Hand Weapons
 a - a +0 trident (weapon)
Armour
 b - a +0 scale mail (worn)
 c - a +0 shield (worn)
Jewellery
 k - a cursed -2 ring of slaying (right hand)
 s - a +4 ring of evasion (left hand)
Wands
 h - a wand of digging (10/24)
 n - a wand of random effects (25/48)
 o - a wand of slowing (36/48)
Scrolls
 e - 4 scrolls of teleportation
 p - 2 scrolls of recharging
Potions
 d - a potion of ambrosia {unknown}
 g - 2 potions of brilliance
 i - a potion of cancellation {unknown}
 m - 2 potions of curing {unknown}
 r - a potion of beneficial mutation {unknown}
Comestibles
 f - 2 bread rations
 j - a meat ration
 l - 6 fruits
 q - a slice of pizza


   Skills:
 + Level 5.4 Fighting
 + Level 4.6 Polearms
 + Level 5.2 Armour
 + Level 5.1 Shields


You had 5 spell levels left.
You didn't know any spells.

Dungeon Overview and Level Annotations

Branches:
Dungeon (3/15)

Altars:
Nemelex Xobeh


Innate Abilities, Weirdness & Mutations

You reflexively headbutt those who attack you in melee.
You have a pair of horns on your head.


Message History

* * * LOW HITPOINT WARNING * * *
You're too confused to move!
The orc wizard closely misses you.
You bump into the rock wall.
The orc hits you but does no damage. The orc wizard hits you with a dagger.
* * * LOW HITPOINT WARNING * * *
An orc comes into view. It is wielding a hand axe.
You bump into the rock wall.
You feel less confused. You block the orc wizard's attack.
You puncture the orc wizard!
The orc wizard is heavily wounded.
You block the orc's attack. The orc wizard casts a spell at you.
You are confused.
You're too confused to move!
The orc hits you from afar with a trident.
* * * LOW HITPOINT WARNING * * *
The orc wizard casts a spell at you. The magic dart hits you!
You die...

## ##### #.##...#
#.#...# ###### ###....#
.#.#....#####......#####
........o.o.'o.....'....
#...##o#####......#####
# #@# #....)..#
......(.# ######.....#
##.###### #.....#
......# .....[+ #.o....#
#.#.o... #.#o.... +.....


You could see an orc wizard and an orc.

Vanquished Creatures
  Grinder (D:3)
  Natasha (twice) (D:2)
  3 adders
  An ooze (D:1)
  2 worms (D:2)
  4 dart slugs
  2 giant geckos
  3 orcs (D:3)
  3 ball pythons
  7 giant cockroaches
  2 goblins
  4 hobgoblins
  5 jackals
  5 kobolds
  5 bats
  A giant newt (D:1)
  4 rats (D:2)
54 creatures vanquished.

Notes
Turn   | Place    | Note
--------------------------------------------------------------
     0 | D:1      | Inkary the Minotaur Fighter began the quest for the Orb.
     0 | D:1      | Reached XP level 1. HP: 19/19 MP: 0/0
    37 | D:1      | Reached XP level 2. HP: 24/27 MP: 1/1
   303 | D:1      | Found a sparkling altar of Nemelex Xobeh.
   405 | D:1      | Reached XP level 3. HP: 17/33 MP: 2/2
   861 | D:2      | Noticed Natasha
   879 | D:2      | Killed Natasha
   879 | D:2      | Reached XP level 4. HP: 24/41 MP: 3/3
  1086 | D:2      | Noticed Natasha
  1100 | D:2      | Killed Natasha
  1557 | D:3      | Reached XP level 5. HP: 40/47 MP: 4/4
  1740 | D:3      | Noticed Grinder
  1756 | D:3      | Killed Grinder
  1756 | D:3      | Reached skill level 5 in Fighting
  1756 | D:3      | Reached skill level 5 in Armour
  1756 | D:3      | Reached skill level 5 in Shields
  1756 | D:3      | Reached XP level 6. HP: 7/56 MP: 5/5
  1787 | D:3      | HP: 2/56 [orc/trident (5)]
  1787 | D:3      | Killed from afar by an orc wizard

Skill      XL: |  1  2  3  4  5 |
---------------+----------------+-----
Fighting       | 4 5 |  5.4
Armour         | 4 5 |  5.2
Shields        | 4 5 |  5.1
Polearms       | 3 4 |  4.6

Action                   |  1- 3 |  4- 6 || total
-------------------------+-------+-------++-------
Melee: Trident           |   126 |    94 ||   220
       Headbutt          |    11 |    21 ||    32
  Use: Potion            |     2 |       ||     2
       Scroll            |       |     4 ||     4
  Eat: Chunk             |       |     3 ||     3
Armor: Scale mail        |    53 |    30 ||    83
Dodge: Dodged            |    39 |    16 ||    55
Block: Shield            |    73 |    34 ||   107
